 Dungeon Crawl Stone Soup version 0.29-a0-472-ge5599a681e (webtiles) character file.

Game seed: 17742096220993698669

1983 siradein the Scholar of Death (level 9, -9/57 HPs)
             Began as a Demonspawn Necromancer on May 23, 2022.
             Was a Follower of Kikubaaqudgha.
             Mangled by an orc warrior
             ... wielding a +1 hand axe of venom
              (15 damage)
             ... on level 7 of the Dungeon.
             The game lasted 00:15:56 (7380 turns).

siradein the Scholar of Death (DsNe)                Turns: 7380, Time: 00:15:56

Health: -9/57      AC: 10    Str:  9    XL:     9   Next: 1%
Magic:  0/20       EV: 12    Int: 20    God:    Kikubaaqudgha [*.....]
Gold:   189        SH:  5    Dex: 14    Spells: 11/23 levels left

rFire   . . .      SeeInvis .   n - +2 trident (protect)
rCold   . . .      Faith    .   (no shield)
rNeg    . . .      Spirit   .   a - +0 robe
rPois   .          Reflect  +   k - +1 hat
rElec   .          Harm     .   y - +0 cloak
rCorr   .          Rampage  .   v - +0 pair of gloves of Sivan {Stlth+}
Will    +....                   A - +2 pair of boots
Stlth   +++.......              f - amulet of reflection
HPRegen 0.19/turn               C - ring "Ristragos" {Will+ Slay+2}
MPRegen 0.17/turn               (no ring)

@: lethally poisoned (-9 -> -29), animating dead
A: antennae 2, yellow scales 1, demonic guardian 2
a: Renounce Religion, Unearth Wretches


You were on level 7 of the Dungeon.
You worshipped Kikubaaqudgha.
Kikubaaqudgha was aware of your devotion.
You visited 1 branch of the dungeon, and saw 7 of its levels.

You collected 359 gold pieces.
You spent 170 gold pieces at shops.

Inventory:

Hand Weapons
 n - a +2 trident of protection (weapon)
Armour
 a - a +0 robe (worn)
 k - a +1 hat (worn)
 v - the +0 pair of gloves of Sivan (worn) {Stlth+}
   (You found it on level 4 of the Dungeon)

   Stlth:     It makes you more stealthy.
 y - a +0 cloak (worn)
 A - a +2 pair of boots (worn)
Magical Staves
 c - a staff of earth
Jewellery
 f - an amulet of reflection (around neck)
 x - a ring of ice
 C - the ring "Ristragos" (left hand) {Will+ Slay+2}
   (You bought it in a shop on level 5 of the Dungeon)

   [ring of willpower]

   Slay:      It affects your accuracy & damage with ranged weapons and melee
   (+2).
   Will:      It increases your willpower.
 D - a ring of ice
 J - a ring of see invisible
Wands
 G - a wand of digging (4)
Scrolls
 d - a scroll of enchant weapon
 h - a scroll of torment
 j - 3 scrolls of teleportation
 o - a scroll of fear
 q - a scroll of summoning
 s - 3 scrolls of magic mapping {unknown}
 u - a scroll of fog {unknown}
 w - 2 scrolls of immolation {unknown}
 B - 2 scrolls of blinking {unknown}
 F - a scroll of brand weapon
Potions
 b - 6 potions of magic
 g - 3 potions of invisibility
 i - 5 potions of curing
 l - a potion of mutation {unknown}
 m - 3 potions of heal wounds {unknown}
 p - 6 potions of degeneration {unknown}
 r - a potion of might {unknown}
 t - a potion of flight {unknown}
 z - a potion of lignification {unknown}
 E - a potion of brilliance {unknown}
 H - a potion of cancellation {unknown}
 I - a potion of attraction {unknown}


   Skills:
 - Level 1.7 Dodging
 - Level 1.7 Stealth
 + Level 7.9 Spellcasting
 + Level 10.1 Necromancy


You had 11 spell levels left.
You knew the following spells:

 Your Spells              Type           Power      Damage    Failure   Level
a - Necrotize             Necr           100%       1d9       1%          1
b - Vampiric Draining     Necr           48%        2d9       1%          3
c - Animate Dead          Necr           48%        N/A       1%          4
d - Anguish               Hex/Necr       14%        N/A       11%         4

Your spell library contained the following spells:

 Spells                   Type           Power      Damage    Failure   Level
 Sublimation of Blood     Necr           48%        N/A       1%          2
 Agony                    Necr           48%        N/A       3%          5
 Blink                    Tloc           14%        N/A       13%         2
 Inner Flame              Hex/Fire       7%         N/A       26%         3
 Cause Fear               Hex            3%         N/A       65%         4
 Manifold Assault         Tloc           7%         N/A       94%         5
 Storm Form               Tmut/Air       3%         N/A       100%        7
 Discord                  Hex            3%         N/A       100%        8


Dungeon Overview and Level Annotations

Branches:
Dungeon (7/15)             Temple (0/1) D:4

Altars:
Ashenzari
Elyvilon
Kikubaaqudgha
Yredelemnul
The Shining One

Shops:
D:1 ?   D:5 **   D:6 ?

Annotations:
D:6 2 transporters, b0nj0m0n's ghost, novice DrCj


Innate Abilities, Weirdness & Mutations

You have a pair of antennae on your head.
You are partially covered in yellow scales. (AC +2)
A demonic guardian rushes to your aid.


Message History

The orc warrior closely misses you.
Unknown command.
Casting: Vampiric Draining (safe; 1% risk of failure)
Confirm with . or Enter, or press ? or * to list all spells.
Aiming: Vampiric Draining (safe; 1% risk of failure)
Press: ? - help, Shift-Dir - straight line, f/p - orc warrior
Aim: an orc warrior, wielding a +1 hand axe of venom and wearing a +0 chain mail (lightly wounded)
You draw life force from the orc warrior.
You feel life coursing into your body.
The orc wizard shouts!
You feel very sick.
The orc warrior hits you with a +1 hand axe of venom!
You are more poisoned.
Unknown command.
Casting: Vampiric Draining (safe; 1% risk of failure)
Confirm with . or Enter, or press ? or * to list all spells.
Aiming: Vampiric Draining (safe; 1% risk of failure)
Press: ? - help, Shift-Dir - straight line, f/p - orc warrior
Aim: an orc warrior, wielding a +1 hand axe of venom and wearing a +0 chain mail (moderately wounded)
You draw life force from the orc warrior!
You feel life coursing into your body.
You feel very sick.
The orc wizard mumbles some strange words.
The orc wizard flickers and vanishes!
Deactivating autopickup; reactivate with Ctrl-A.
The orc warrior hits you with a +1 hand axe of venom!
* * * LOW HITPOINT WARNING * * *
You are more poisoned.
Casting: Vampiric Draining (safe; 1% risk of failure)
Confirm with . or Enter, or press ? or * to list all spells.
Aiming: Vampiric Draining (safe; 1% risk of failure)
Press: ? - help, Shift-Dir - straight line, f/p - orc warrior
Aim: an orc warrior, wielding a +1 hand axe of venom and wearing a +0 chain mail (heavily wounded)
You draw life force from the orc warrior!
You feel life coursing into your body.
* * * LOW HITPOINT WARNING * * *
You feel very sick.
The orc warrior hits you with a +1 hand axe of venom!
You die...
Kikubaaqudgha rasps: "You have failed me!
Welcome... death!"

#.######.#######
####......#.......#
.......##.#######.#
...............>#.#
........#.#####.#.######
.......Z#.# #........#
#######Z#)#####...####.#
#Z#.##............
#@#.##.......###.#
#o#.##.........#.#
#o#..+....<#####.#
.{..##...####....# ..#
####......... ...#
#.###.#### ...# ...# #.#
..#.# #.#### #.# # ..#


You could see an orc warrior, an orc (ally target), a friendly hound zombie and
2 friendly bullfrog zombies.

Vanquished Creatures
  Pikel (D:5)
  Prince Ribbit (D:5)
  A water moccasin (D:6)
  An ice beast (D:5)
  An ogre (D:5)
  A black bear (D:6)
  A kobold brigand (D:6)
  2 bullfrogs (D:7)
  A necrophage (D:5)
  A scorpion (D:6)
  A howler monkey (D:6)
  4 hounds
  3 orc priests
  5 iguanas
  Terence (D:2)
  8 adders
  4 gnolls (D:2)
  A white imp (D:6)
  A worm (D:2)
  3 dart slugs
  6 orcs
  6 ball pythons
  4 endoplasms
  4 giant cockroaches
  3 goblins
  9 hobgoblins
  9 quokkas
  5 bats
  A frilled lizard (D:1)
  9 kobolds
  7 rats
105 creatures vanquished.

Vanquished Creatures (collateral kills)
  A lemure (D:5)
  A hound (D:5)
  An adder (D:2)
  An orc (D:7)
  An endoplasm (D:1)
  A hobgoblin (D:1)
  A rat (D:2)
7 creatures vanquished.

Vanquished Creatures (others)
  An orc zombie (D:7)
  6 plants (D:6)
7 creatures vanquished.

Grand Total: 119 creatures vanquished

Notes
Turn   | Place    | Note
-------+----------+-------------------------------------------
     0 | D:1      | siradein the Demonspawn Necromancer began the quest for the
                  | Orb.
     0 | D:1      | Reached XP level 1. HP: 13/13 MP: 3/3
   151 | D:1      | Gained mutation: You are partially covered in yellow
                  | scales. (AC +2) [demonic ancestry]
   151 | D:1      | Reached XP level 2. HP: 19/19 MP: 0/5
   309 | D:1      | Found Jiutzead's Magic Scroll Shop.
   728 | D:1      | Found a faded altar of an unknown god.
   991 | D:2      | Reached skill level 5 in Necromancy
   991 | D:2      | Gained mutation: You have a pair of small antennae on your
                  | head. [demonic ancestry]
   991 | D:2      | Reached XP level 3. HP: 24/24 MP: 0/7
   995 | D:2      | Learned a level 3 spell: Vampiric Draining
  1185 | D:2      | Noticed Terence
  1189 | D:2      | Killed Terence
  1244 | D:2      | Gained mutation: A weak demonic guardian rushes to your
                  | aid. [demonic ancestry]
  1244 | D:2      | Reached XP level 4. HP: 30/30 MP: 4/8
  2213 | D:3      | Learned a level 4 spell: Animate Dead
  2245 | D:3      | Reached XP level 5. HP: 35/35 MP: 6/10
  2516 | D:3      | Found an ancient bone altar of Kikubaaqudgha.
  2527 | D:3      | Became a worshipper of Kikubaaqudgha
  2629 | D:3      | You fall into a shaft and drop 2 floors!
  2629 | D:5      | Entered Level 5 of the Dungeon
  2637 | D:5      | Reached skill level 6 in Necromancy
  2694 | D:5      | Noticed Prince Ribbit
  2708 | D:5      | Killed Prince Ribbit
  2709 | D:5      | Reached XP level 6. HP: 24/41 MP: 1/13
  2944 | D:4      | Found a staircase to the Ecumenical Temple.
  3090 | D:4      | Reached skill level 7 in Necromancy
  3207 | D:4      | Reached skill level 5 in Spellcasting
  3745 | D:4      | Identified the +0 pair of gloves of Sivan {Stlth+}
  4110 | D:3      | Found a broken altar of Ashenzari.
  4479 | D:3      | Reached * piety under Kikubaaqudgha
  4479 | D:3      | Received a gift from Kikubaaqudgha
  4531 | D:3      | Learned a level 4 spell: Anguish
  4604 | D:5      | Gained mutation: A demonic guardian rushes to your aid.
                  | [demonic ancestry]
  4604 | D:5      | Reached XP level 7. HP: 46/46 MP: 10/14
  4632 | D:5      | Found Oclescha's Assorted Antiques.
  4694 | D:5      | Found Acopecs's Assorted Antiques.
  4764 | D:5      | Bought a twitching ivory ring for 130 gold pieces
  4764 | D:5      | Identified the ring "Ristragos" {Will+ Slay+2} (You bought
                  | it in a shop on level 5 of the Dungeon)
  4989 | D:5      | Noticed Pikel
  5329 | D:5      | Killed Pikel
  5330 | D:5      | Reached skill level 8 in Necromancy
  5330 | D:5      | Reached XP level 8. HP: 27/52 MP: 0/18
  5357 | D:5      | Reached skill level 9 in Necromancy
  6043 | D:6      | Found a basalt altar of Yredelemnul.
  6184 | D:6      | Found Cuustum's Magic Scroll Emporium.
  6230 | D:6      | Found a transporter.
  6241 | D:6      | Found a transporter.
  6241 | D:6      | Noticed b0nj0m0n's ghost (novice DrCj)
  6846 | D:6      | Bought a scroll of identify for 20 gold pieces
  6846 | D:6      | Bought a scroll of identify for 20 gold pieces
  7275 | D:7      | Reached skill level 10 in Necromancy
  7362 | D:7      | Gained mutation: You have a pair of antennae on your head.
                  | [demonic ancestry]
  7362 | D:7      | Reached XP level 9. HP: 57/57 MP: 5/20
  7380 | D:7      | Mangled by an orc warrior

Illustrated notes

Levels and vault maps discovered:
D:1:      psy_arrival_spokes, layout_rooms, serial_shops, shop_scrolls,
          shapermc_ecumenical_altar_starsandcircs, minmay_misc_feat_four_crosses
D:2:      layout_basic, uniq_terence
D:3:      layout_loops_cross, mainiacjoe_overflow_tiny_flanked,
          kiku_gazebo_pond_becter
D:4:      layout_loops_ring, nicolae_tso_swordbearing_angel,
          lemuel_coloured_pillars_altar, minmay_temple_entry_proselytizer,
          minmay_misc_feat_tiny
D:5:      layout_cave_pools, serial_shops, nicolae_square_shop, shop,
          kennysheep_cluttered_room, minivault_11, uniq_prince_ribbit1,
          uniq_pikel
D:6:      layout_basic, mainiacjoe_overflow_six_doors_small,
          gammafunk_ghost_gnarly_gnolls, serial_shops,
          nicolae_inconvenience_store, hangedman_decor_lopped
D:7:      layout_basic, mainiacjoe_overflow_alcove_2, lemuel_blue_sif_altar,
          mainiacjoe_overflow_chevrons, nemelex_dance_club_becter,
          sigmund_edmund_badplayer, uniq_joseph

Skill      XL: |  1  2  3  4  5  6  7  8 |
---------------+-------------------------+-----
Necromancy     | 5 6 7 8 10 | 10.1
Spellcasting   | 3 4 5 6 7 |  7.9
Dodging        | |  1.7
Stealth        | |  1.7

Action                   |  1- 3 |  4- 6 |  7- 9 || total
-------------------------+-------+-------+-------++-------
Melee: Staff             |     1 |       |       ||     1
       Trident           |       |    53 |   122 ||   175
       Punch             |       |     1 |       ||     1
 Cast: Necrotize         |    55 |    74 |     1 ||   130
       Vampiric Draining |       |    16 |    32 ||    48
       Animate Dead      |       |       |     3 ||     3
  Use: Scroll            |       |     4 |     8 ||    12
 Stab: Sleeping          |       |     4 |     7 ||    11
Armor: Robe              |     3 |    14 |    62 ||    79
Dodge: Dodged            |     3 |    58 |    91 ||   152
Block: Other             |       |     4 |    30 ||    34

Table legend: (Time is in decaauts)
 A = Elapsed time spent in this place.
 B = Non-inter-level travel time spent in this place.
 C = Inter-level travel time spent in this place.
 D = Time resting spent in this place.
 E = Time spent auto-exploring this place.
 F = Levels seen in this place.
 G = Mean time per level.
                   A        B        C        D        E       F      G
               +--------+--------+--------+--------+--------+-----+--------+
         Total |   7434 |   7294 |    140 |      5 |   6103 |   7 | 1062.0 |
       Dungeon |   7434 |   7294 |    140 |      5 |   6103 |   7 | 1062.0 |
               +--------+--------+--------+--------+--------+-----+--------+

Top non-repeatable levels by time:
     D:5: 1581 daAuts
     D:6: 1386 daAuts
     D:2: 1280 daAuts
     D:3: 1101 daAuts
     D:4: 1035 daAuts
     D:1: 930 daAuts
     D:7: 118 daAuts
